 Dungeon Crawl Stone Soup version 0.28-a0-773-g130ae17fe5 (webtiles) character file.

Game seed: 6046775872891555878

12 cheechan the Sneak (level 2, -2/28 HPs)
             Began as a Naga Delver on Nov 1, 2021.
             Slain by a water moccasin (6 damage)
             ... on level 6 of the Dungeon.
             The game lasted 00:00:31 (110 turns).

cheechan the Sneak (Naga Delver)                     Turns: 110, Time: 00:00:32

Health: -2/28      AC:  2    Str: 14    XL:     2   Next: 33%
Magic:  2/2        EV:  4    Int: 10    God:
Gold:   0          SH: 10    Dex: 12    Spells: 1/1 levels left

rFire   . . .      SeeInvis +   a - +0 spear
rCold   . . .      Faith    .   h - +0 tower shield
rNeg    . . .      Spirit   .   b - +0 leather armour
rPois   +          Reflect  .   (no helmet)
rElec   .          Harm     .   (no cloak)
rCorr   .          Rampage  .   (no gloves)
Will    .....                   (no barding)
Stlth   +++.......              (no amulet)
HPRegen 0.09/turn               (no ring)
MPRegen 0.08/turn               (no ring)

@: lethally poisoned (-2 -> -6), very slow
A: AC +0, large, see invisible, deformed body, poison resistance, slowness 2,
spit poison 1, naga tail 1
a: Spit Poison


You were on level 6 of the Dungeon.
You visited 1 branch of the dungeon, and saw 2 of its levels.

Inventory:

Hand Weapons
 a - a +0 spear (weapon)
Missiles
 i - 19 sling bullets
Armour
 b - a +0 leather armour (worn)
 h - a +0 tower shield (worn)
Wands
 g - a wand of digging (3)
Scrolls
 c - a scroll of fog
 d - a scroll of magic mapping
 e - a scroll of fear
 j - a scroll of amnesia {unknown}
Potions
 f - a potion of haste


   Skills:
 + Level 3.1 Fighting
 + Level 2.1 Polearms
 + Level 1.6 Dodging
 + Level 7.8 Stealth


You had one spell level left.
You didn't know any spells.
Your spell library was empty.

Dungeon Overview and Level Annotations

Branches:
Dungeon (6/15)
 Temple: D:4-7

Altars:

Annotations:
D:5 Pikel


Innate Abilities, Weirdness & Mutations

Your serpentine skin is tough. (AC +0)
You have supernaturally acute eyesight. (SInv)
Armour fits poorly on your strangely shaped body.
Your system is resistant to poisons. (rPois)
You cover ground very slowly.
You can spit poison.
You have a snake-like lower body.


Message History

The hound skeleton barely misses you.
You barely miss the hound skeleton.
The hound skeleton is almost destroyed.
The hound skeleton bites you. The hound skeleton barely misses you.
You hit the hound skeleton.
You destroy the hound skeleton!
You have reached level 2!
A lemure comes into view.
Pikel the Slaver comes into view.
He is wielding a +2 whip of flaming.
The lemure shouts!
You hear a shout!
There is a stone staircase leading down here.
You climb downwards.
You hear the sound of rushing water.
There is an entrance to a sewer on this level.
Hurry and find it before the portal rusts away!
There is a stone staircase leading up here.
You hear the slow rusting of a drain nearby.
Found a tower shield and 19 sling bullets.
You see here a +0 tower shield.
h - a +0 tower shield You see here 19 sling bullets.
i - 19 sling bullets You start putting on your armour.
You continue putting on your +0 tower shield. x4
You finish putting on your +0 tower shield.
Found a scroll labelled ILE DITYINY.
j - a scroll labelled ILE DITYINY You hear the slow rusting of a distant drain.
A water moccasin comes into view.
The water moccasin hisses angrily.
The water moccasin bites you! The water moccasin bites you!
You are poisoned.
The water moccasin poisons you! You block the water moccasin's attack.
You feel very sick. You block the water moccasin's attack.
You feel very sick. The water moccasin bites you.
* * * LOW HITPOINT WARNING * * *
The water moccasin bites you.
You die...

.#.#..# .#.#..#####
........... #####
.###..####### ##... .#
..... ..##...### .#
#.#### #. ...... .# ..
#..#...# ..# .# ###
#.##..#...###..# .#
#......@.......# .#
####..#.S....... .#
#..##.#.##.## .######
#..##.#.##.##
......#######..##........
#####...............##.##
##########.####.# #...
... ##### ####


You could see a water moccasin.

Vanquished Creatures
  A hound skeleton (D:5)
1 creature vanquished.

Notes
Turn   | Place    | Note
-------+----------+-------------------------------------------
     0 | D:5      | cheechan the Naga Delver began the quest for the Orb.
     0 | D:5      | Reached XP level 1. HP: 21/21 MP: 1/1
    13 | D:5      | Reached XP level 2. HP: 22/28 MP: 2/2
    15 | D:5      | Noticed a lemure
    17 | D:5      | Noticed Pikel
   107 | D:6      | Noticed a water moccasin
   110 | D:6      | Slain by a water moccasin

Illustrated notes

Levels and vault maps discovered:
D:5:      layout_basic, lemuel_doored_altar, serial_curves, eino_curves_04,
          eino_curves_01, eino_curves_02, eino_curves_01, uniq_pikel,
          uniq_sigmund, uniq_ijyb, uniq_prince_ribbit1
D:6:      layout_loops_ring, lemuel_crystal_altar, cheibrodos_sewer_entry_drain,
          serial_glass, glass_columns_a, glass_columns_c, minmay_shop_mayhem,
          kennysheep_generic_room_5

Action                   || total
-------------------------++-------
Melee: Spear             ||     6
 Abil: Spit Poison       ||     1
Dodge: Dodged            ||     5
Block: Tower shield      ||     2

Table legend: (Time is in decaauts)
 A = Elapsed time spent in this place.
 B = Non-inter-level travel time spent in this place.
 C = Inter-level travel time spent in this place.
 D = Time resting spent in this place.
 E = Time spent auto-exploring this place.
 F = Levels seen in this place.
 G = Mean time per level.
                   A        B        C        D        E       F      G
               +--------+--------+--------+--------+--------+-----+--------+
         Total |    147 |    147 |      0 |      0 |      0 |   2 |   73.5 |
       Dungeon |    147 |    147 |      0 |      0 |      0 |   2 |   73.5 |
               +--------+--------+--------+--------+--------+-----+--------+

Top non-repeatable levels by time:
     D:6: 112 daAuts
     D:5: 34 daAuts
